 Dungeon Crawl Stone Soup version 0.31-a0-204-g7da18cac08 (webtiles) character file.

Game seed: 7178191624586899866

63 qw the Shooter (level 3, 0/20 HPs)
             Began as a Deep Elf Hunter on June 27, 2023.
             Slain by a ball python (2 damage)
             ... on level 3 of the Dungeon.
             The game lasted 00:00:31 (1359 turns).

qw the Shooter (Deep Elf Hunter)                    Turns: 1359, Time: 00:00:32

Health: 0/20       AC:  3    Str: 10    XL:     3   Next: 87%
Magic:  5/5        EV:  9    Int: 13    God:
Gold:   88         SH:  0    Dex: 18    Spells: 2/2 levels left

rFire   . . .        Y - +1 shortbow
rCold   . . .        (shield currently unavailable)
rNeg    . . .        c - +0 leather armour
rPois   .            (no helmet)
rElec   .            (no cloak)
rCorr   +            (no gloves)
SInv    .            (no boots)
Will    +....        g - amulet of the acrobat
Stlth   ++           i - ring of resist corrosion
HPRegen 0.23/turn    (no ring)
MPRegen 0.09/turn

%: acrobat
@: lethally poisoned (0 -> -1), enlightened, flying, constricted
A: no striking features
a: no special abilities


You were on level 3 of the Dungeon.
You visited 1 branch of the dungeon, and saw 3 of its levels.

You collected 88 gold pieces.


   Skills:
 - Level 1.5 Fighting
 + Level 7.3 Ranged Weapons
 - Level 2.4 Dodging
 - Level 1.2 Stealth


You had 2 spell levels left.
You didn't know any spells.
Your spell library was empty.

Inventory:

Hand Weapons
 Y - a +1 shortbow (weapon)
Armour
 c - a +0 leather armour (worn)
Jewellery
 g - an amulet of the acrobat (around neck)
 i - a ring of resist corrosion (left hand)
Scrolls
 b - a scroll of identify
Potions
 a - a potion of might {unknown}
 d - a potion of resistance
 e - a potion of degeneration {unknown}
 f - a potion of enlightenment
 h - a potion of cancellation {unknown}

Dungeon Overview and Level Annotations

Branches:
Dungeon (3/15)

Altars:


Message History

The kobold shouts!
Found a leather armour.
There is a stone staircase leading up here.
There are monsters nearby!
Waypoint 2 assigned to D:3.
You shoot an arrow. The arrow barely misses the kobold.
The ball python hisses angrily.
The kobold throws a poisoned dart.
The poisoned dart hits you!
You are poisoned.
You shoot an arrow. The arrow closely misses the kobold.
You feel very sick.
The kobold throws a poisoned dart.
The poisoned dart barely misses you.
1354 ||| STAIRDANCE You feel sick.
The ball python barely misses you. The ball python grabs you.
You stop ascending the stairs.
The ball python constricts you.
You shoot an arrow.
The arrow closely misses the ball python.
You feel sick.
The ball python bites you but does no damage.
The ball python constricts you.
You shoot an arrow.
The arrow barely misses the ball python.
You feel sick.
The ball python bites you but does no damage.
The ball python constricts you.
The ball python bites you but does no damage.
The ball python constricts you. The kobold hits you but does no damage.
You shoot an arrow. The arrow hits the ball python.
The ball python is moderately wounded.
You feel sick. The ball python bites you. The ball python constricts you.
The kobold hits you with a +0 whip.
You shoot an arrow.
The arrow hits the ball python but does no damage.
The ball python is moderately wounded.
You feel sick. The ball python closely misses you.
The ball python constricts you. The kobold hits you with a +0 whip.
You shoot an arrow. The arrow hits the ball python.
The ball python is heavily wounded.
You feel sick. The ball python bites you.
You die...

.# . ## .
...# .#.#
...
##S#.#.#.
#@.......
##K#.#.#.
... .#.#
...[. .#
#.# ..
... ## ##


You could see a ball python and a kobold.

Vanquished Creatures
  An adder (D:2)
  2 worms (D:2)
  A dart slug (D:1)
  4 ball pythons
  3 bats (D:1)
  2 endoplasms
  2 giant cockroaches (D:2)
  4 hobgoblins
  8 jackals
  4 kobolds (D:1)
  2 quokkas
  3 goblins
  3 rats
39 creatures vanquished.

Notes
Turn   | Place    | Note
-------+----------+-------------------------------------------
     0 | D:1      | qw the Deep Elf Hunter began the quest for the Orb.
     0 | D:1      | Reached XP level 1. HP: 12/12 MP: 3/3
     0 | D:1      | 0 ||| qw: Version: 0.3-a-22-g0ed2b0b
     0 | D:1      | 0 ||| qw: Game counter: 6578
     0 | D:1      | 0 ||| qw: Melee chars always use a shield: true
     0 | D:1      | 0 ||| qw: God list: Okawaru
     0 | D:1      | 0 ||| qw: Allow faded altars: false
     0 | D:1      | 0 ||| qw: Do Orc after clearing Dungeon:15 true
     0 | D:1      | 0 ||| qw: Do second Lair branch before Depths: true
     0 | D:1      | 0 ||| qw: Lair rune preference: random
     0 | D:1      | 0 ||| qw: Goals: Normal
     0 | D:1      | 0 ||| PLANNING D:1-11
    98 | D:1      | Reached skill level 6 in Ranged Weapons
    98 | D:1      | Reached XP level 2. HP: 15/16 MP: 4/4
   206 | D:1      | 206 ||| READING scroll labelled XEROER SU GOST.
   704 | D:1      | 704 ||| READING scroll labelled EHO JIGHOWKAE.
   705 | D:1      | 705 ||| READING scroll labelled QATZUI AKLUIC.
   735 | D:1      | 735 ||| READING scroll labelled JUGGEL JEIT.
   736 | D:1      | 736 ||| READING scroll labelled VEXYDGH YJOGH.
   737 | D:1      | 737 ||| DRINKING 2 fuming ruby potions.
   738 | D:1      | 738 ||| DROPPING scroll of butterflies.
   789 | D:2      | Reached XP level 3. HP: 20/20 MP: 5/5
  1012 | D:2      | Reached skill level 7 in Ranged Weapons
  1324 | D:2      | 1324 ||| UPGRADING to amulet of the acrobat.
  1329 | D:2      | 1329 ||| UPGRADING to ring of resist corrosion.
  1330 | D:2      | 1330 ||| DRINKING 2 murky purple potions.
  1354 | D:3      | 1354 ||| STAIRDANCE
  1358 | D:3      | HP: 3/20 [kobold/+0 whip (3)]
  1359 | D:3      | Slain by a ball python

Levels and vault maps discovered:
D:1:      psy_arrival_terrarium, layout_basic, serial_glass, glass_columns_a,
          glass_columns_a, glass_columns_b, glass_columns_b, glass_columns_a,
          glass_columns_b
D:2:      layout_basic
D:3:      layout_loops_corners, nicolae_hepliaklqana_hippocampus,
          mainiacjoe_overflow_24_doors, serial_aquarium, aquarium_bridge_square
          [aquarium_subvault_wall, aquarium_subvault_wall,
          aquarium_subvault_bridge, aquarium_subvault_bridge],
          aquarium_window_1, aquarium_window_fake, aquarium_window_fake,
          aquarium_window_fake, aquarium_view_2g, aquarium_balcony_5a,
          aquarium_pool_five, minivault_14, st_stairs_9

Skill      XL: |  1  2  3 |
---------------+----------+-----
Ranged Weapons | 6 7 |  7.3
Fighting       | |  1.5
Dodging        | |  2.4
Stealth        | |  1.2

Action                     || total
---------------------------++-------
   Fire: Shortbow          ||   106
    Use: Scroll            ||     5
         Potion            ||     2
 Armour: Leather armour    ||     5
  Dodge: Dodged            ||    10

Table legend:
 A = Non-vault XP
 B = Vault XP
 C = Vault XP percentage of total XP
 D = Non-vault monster count
 E = Vault monster count
 F = Vault count percentage of total count
                 A         B        C        D         E       F
            +---------+---------+-------+---------+---------+-------
      Total |      90 |       0 |   0.0 |      39 |       0 |   0.0
            +---------+---------+-------+---------+---------+-------
        D:1 |      39 |       0 |   0.0 |      21 |       0 |   0.0
        D:2 |      51 |       0 |   0.0 |      18 |       0 |   0.0
            +---------+---------+-------+---------+---------+-------
